 Dungeon Crawl Stone Soup version 0.13-a0-2474-g552a472 (webtiles) character file.

208 Drahman the Charmwright (level 4, 0/29 HPs)
             Began as a High Elf Skald on July 18, 2013.
             Succumbed to Sigmund's poison
             ... on Level 2 of the Dungeon.
             The game lasted 00:04:53 (2486 turns).

Drahman the Charmwright (High Elf Skald)            Turns: 2486, Time: 00:04:53

HP   0/29        AC  5     Str 10      XL: 4   Next: 20%
MP  11/12        EV  9     Int 15      God:
Gold 127         SH  0     Dex 17      Spells:  1 memorised,  8 levels left

Res.Fire  : . . .   See Invis. : .   t - +0 falchion
Res.Cold  : . . .   Warding    : .   f - +0 ring mail
Life Prot.: + . .   Conserve   : .   (no shield)
Res.Poison: .       Res.Corr.  : .   (no helmet)
Res.Elec. : .       Clarity    : .   (no cloak)
Sust.Abil.: + .     Spirit.Shd : .   (no gloves)
Res.Mut.  : .       Stasis     : .   (no boots)
Res.Rott. : .       Flight     : .   (no amulet)
Saprovore : . . .                    r - ring of sustain abilities {unknown}
                                     l - ring of positive energy {unknown}

@: confused, very poisoned, slightly resistant to hostile enchantments,
extremely unstealthy
A: carnivore 1, wild magic 1, Str -1, Dex +1
a: no special abilities


You were on level 2 of the Dungeon.
You were not hungry.

You visited 1 branch of the dungeon, and saw 2 of its levels.

You collected 107 gold pieces.

Inventory:

Hand weapons
 t - a +0,+0 falchion (weapon)
Armour
 f - a +0 ring mail (worn)
Magical devices
 s - a wand of frost (10)
Comestibles
 d - 3 bread rations
 g - an apple
 o - a meat ration
Scrolls
 a - a scroll of magic mapping {unknown}
 h - 3 scrolls of amnesia {unknown}
 i - 3 scrolls of teleportation {unknown}
 j - a scroll of identify {unknown}
 m - a scroll of recharging {unknown}
 n - 2 scrolls of noise {unknown}
 p - a scroll of enchant weapon I {unknown}
Jewellery
 l - a ring of positive energy (left hand) {unknown}
 r - a ring of sustain abilities (right hand) {unknown}
Potions
 k - a potion of heal wounds {unknown}
Books
 c - a book of Battle

   Spells                             Type                      Level
   *Infusion                          Charms                       1
   Shroud of Golubria                 Charms/Translocation         2
   Song of Slaying                    Charms                       2
   Spectral Weapon                    Hexes/Charms                 3
   Regeneration                       Charms/Necromancy            3
   Song of Shielding                  Charms                       4


   Skills:
 + Level 2.6 Fighting
   Level 2.8 Short Blades
 + Level 0.5 Long Blades
 * Level 2.1 Armour
 - Level 1.1 Dodging
 + Level 3.2 Spellcasting
 + Level 3.9 Charms


You had 8 spell levels left.
You knew the following spells:

 Your Spells              Type           Power        Failure   Level  Hunger
a - Infusion              Chrm           ###...       19%         1    #......


Dungeon Overview and Level Annotations

Branches:
Dungeon (2/27)

Altars:
Vehumet

Annotations
D:2 Sigmund


Innate Abilities, Weirdness & Mutations

Your digestive system is specialised to digest meat.
Your muscles are flexible, but weak (Str -1, Dex +1).
Your spells are a little harder to cast, but a little more powerful.


Message History

You feel better. It hits you.
You are poisoned.
You hit it but do no damage. It hits you but does no damage.
You are more poisoned.
You miss it.
You feel sick.
Your attacks are no longer magically infused.
It hits you.
* * * LOW HITPOINT WARNING * * *
You are more poisoned.
Drink which item? (? for menu, Esc to quit)
You feel extremely strange.
Your muscles feel loose.
You hunger for flesh.
You feel less in control of your magic.
It was a potion of mutation.
* * * LOW HITPOINT WARNING * * *
You feel very sick.
Drink which item? (? for menu, Esc to quit)
You are confused.
It was a potion of confusion.
You die...

############.###.###
..# #.# #.#
..##########.# #.#
.............# #.#
###.....###### #.# #
#.....# # #.# #
#.....# #. #.# #
####### #.@ #.# ####
####...##@# .....
..........# ####
##....##### #.. #


There were no monsters in sight!

Vanquished Creatures
  2 adders (D:2)
  2 worms (D:2)
  A giant gecko (D:2)
  6 bats
  3 goblins (D:2)
  7 hobgoblins
  5 kobolds
  A quokka (D:2)
  4 giant cockroaches
  7 giant newts
  4 jackals (D:1)
  9 rats
51 creatures vanquished.

Notes
Turn   | Place    | Note
--------------------------------------------------------------
     0 | D:1      | Drahman, the High Elf Skald, began the quest for the Orb.
     0 | D:1      | Reached XP level 1. HP: 13/13 MP: 4/4
   197 | D:1      | Reached skill level 1 in Armour
   236 | D:1      | Reached XP level 2. HP: 8/18 MP: 6/6
  1104 | D:2      | Reached XP level 3. HP: 23/23 MP: 9/9
  1348 | D:2      | Found a radiant altar of Vehumet.
  2122 | D:2      | Reached XP level 4. HP: 15/29 MP: 8/12
  2463 | D:2      | Noticed Sigmund
  2485 | D:2      | Gained mutation: Your muscles are flexible, but weak (Str -1, Dex +1). [potion of mutation]
  2485 | D:2      | Gained mutation: Your digestive system is specialised to digest meat. [potion of mutation]
  2485 | D:2      | Gained mutation: Your spells are a little harder to cast, but a little more powerful. [potion of mutation]
  2485 | D:2      | HP: 1/29 [poisoned by Sigmund]
  2486 | D:2      | Succumbed to Sigmund's poison

Action                   |  1- 3 |  4- 6 || total
-------------------------+-------+-------++-------
Melee: Short sword       |   153 |       ||   153
       Falchion          |    40 |    40 ||    80
 Cast: Infusion          |     3 |     1 ||     4
  Use: Potion            |       |     4 ||     4
